Map: Golden Wall LE

Players

Massa - Winner!

  • Race: Terran Terran
  • League: Gold
  • Spawn Location: 5:00

Mana

  • Race: Zerg Zerg
  • Spawn Location: 7:00

VOD

Have the link to the VOD?

Description

Time

  • Played on: Aug. 31, 2020, 1:03 p.m.
  • Length: 17:02
Show
View Real Time Build Order
Export as new Build Order

Massa Terran - Winner!

Build Orders:  

Get SALT Encoding   

  12  0:01  SCV  
  13  0:13  SCV  
  14  0:21  Supply Depot  
  14  0:25  SCV  
  15  0:30  Refinery  
  15  0:43  SCV  
  15  0:45  Barracks  
  16  0:55  SCV  
  17  1:07  SCV  
  18  1:19  SCV  
  19  1:31  SCV  
  19  1:32  Reaper  
  21  1:38  Command Center  
  21  1:59  Orbital Command  
  21  2:04  Marine  
  22  2:14  Factory  
  22  2:23  Supply Depot  
  22  2:27  Barracks Reactor  
  22  2:52  Orbital Command  
  22  2:55  SCV  
  23  3:07  SCV  
  24  3:13  Hellion x2  
  24  3:19  SCV  
  29  3:22  Barracks Tech Lab  
  29  3:24  SCV, Barracks  
  30  3:31  SCV  
  31  3:36  SCV  
  31  3:37  Hellion  
  31  3:38  Hellion  
  35  3:43  SCV  
  36  3:48  SCV  
  36  3:49  Starport  
  36  3:51  Engineering Bay  
  36  3:53  Engineering Bay  
  37  3:55  SCV  
  37  3:58  Supply Depot  
  37  4:00  SCV, Hellion  
  37  4:02  Marine  
  42  4:04  Hellion  
  42  4:08  SCV  
  45  4:12  Barracks Reactor, SCV  
  45  4:16  Barracks  
  46  4:20  Marauder  
  46  4:23  Stimpack  
  48  4:25  Hellion  
  48  4:31  SCV x2  
  52  4:41  Marine  
  52  4:43  SCV  
  54  5:00  Marauder  
  46  5:10  Hellion x2  
  46  5:13  Marine x2  
  50  5:15  Barracks Reactor  
  50  5:21  Marauder  
  52  5:23  Refinery  
  52  5:25  Refinery  
  52  5:26  Refinery  
  52  5:31  Widow Mine  
  54  5:37  Command Center  
  54  5:39  Supply Depot  
  54  5:42  Supply Depot  
  54  5:43  Supply Depot  
  54  5:45  Missile Turret  
  54  5:48  Missile Turret  
  54  6:00  Marine x4  
  54  6:01  Widow Mine, Marauder  
  54  6:02  Terran Infantry Weapons Level 1, Supply Depot  
  54  6:04  Widow Mine  
  64  6:12  SCV x2  
  64  6:18  Terran Infantry Armor Level 1, Marine x3  
  66  6:20  Combat Shield  
  66  6:22  Widow Mine, Marauder  
  66  6:24  SCV x2  
  52  6:36  SCV  
  52  6:40  Marine x2  
  52  6:44  Marauder  
  56  6:47  Marine x2  
  56  6:53  Factory Reactor  
  58  6:58  Marine x2  
  60  7:02  Medivac  
  60  7:04  Factory  
  60  7:05  Marine x2  
  64  7:16  Marine x2, Planetary Fortress  
  64  7:17  SCV x2  
  68  7:29  SCV x2  
  70  7:33  Hellion x2  
  74  7:41  SCV x2  
  76  7:52  Viking  
  76  7:53  SCV  
  76  7:55  Factory Tech Lab  
  79  8:03  Marauder, Marine x4  
  85  8:08  Barracks  
  85  8:11  Armory  
  85  8:14  Supply Depot  
  85  8:20  Marine  
  85  8:21  Marine x3  
  85  8:24  Marauder  
  89  8:38  Marine, Supply Depot  
  82  8:43  Marine  
  82  8:44  Marine x2  
  82  8:46  Widow Mine x3, Marauder  
  93  8:50  Missile Turret  
  93  8:54  Missile Turret  
  93  8:56  Marine  
  93  8:58  Missile Turret  
  93  9:01  Marine  
  93  9:02  Missile Turret  
  95  9:05  Missile Turret  
  95  9:07  Widow Mine x2, Marauder, Thor  
  95  9:08  Marine  
  108  9:10  Missile Turret  
  108  9:28  Marauder  
  110  9:34  Medivac  
  110  9:50  Marauder  
  93  10:04  Drilling Claws, Medivac  
  93  10:06  Siege Tank  
  98  10:07  Barracks Reactor  
  98  10:10  Marine x2  
  98  10:11  Marauder  
  102  10:19  Missile Turret  
  101  10:33  SCV x2, Marauder  
  101  10:34  SCV  
  106  10:45  SCV, Factory Reactor  
  106  10:46  SCV x2, Command Center  
  109  10:51  Siege Tank  
  109  10:54  Marauder  
  114  10:58  SCV x3  
  117  11:17  Supply Depot  
  117  11:19  Supply Depot  
  117  11:22  Infernal Pre-Igniter  
  117  11:35  Terran Infantry Armor Level 2, Terran Infantry Weapons Level 2  
  117  11:39  SCV x3, Marine x5, Terran Vehicle Weapons Level 1  
  125  11:40  Marine, Supply Depot  
  125  11:41  Marauder  
  125  11:43  Supply Depot  
  128  11:50  Medivac  
  128  11:51  SCV x3  
  133  11:57  Marine x5  
  133  11:58  Marine  
  139  12:02  Marauder  
  139  12:04  Supply Depot  
  129  12:15  Marine x5  
  95  12:16  Marine  
  95  12:20  Medivac  
  95  12:24  Marauder  
  95  12:30  Missile Turret  
  95  12:33  Marine x5  
  95  12:34  Marine  
  98  12:45  Marauder  
  98  12:51  Marine x5  
  91  13:04  Marine  
  88  13:07  Marauder  
  88  13:08  Marine x5  
  88  13:11  Barracks x2  
  95  13:12  Barracks  
  95  13:20  Missile Turret  
  95  13:22  Marine, Planetary Fortress, Missile Turret  
  95  13:24  SCV x2, Missile Turret  
  95  13:25  Missile Turret  
  95  13:26  Marine x5  
  103  13:28  Marauder  
  105  13:36  SCV x2, Medivac  
  105  13:40  Marine  
  110  13:43  Missile Turret  
  110  13:44  Marine x5  
  110  13:45  Missile Turret  
  110  13:48  SCV x2, Missile Turret  
  115  13:49  Marauder  
  119  13:58  Marine  
  119  14:02  Marine x5  
  125  14:05  Missile Turret  
  125  14:06  Medivac  
  125  14:08  Barracks Reactor  
  127  14:10  Barracks Reactor, Marine, Command Center  
  127  14:16  Marine  
  129  14:19  Barracks Reactor, Terran Vehicle And Ship Armor Level 1  
  129  14:20  Marine x5  
  129  14:21  Terran Infantry Weapons Level 3, Terran Infantry Armor Level 3  
  134  14:26  Missile Turret  
  134  14:29  Marauder  
  134  14:30  Missile Turret  
  136  14:33  Missile Turret  
  136  14:34  Marine  
  136  14:36  Missile Turret  
  136  14:38  Marine x3  
  140  14:41  Missile Turret  
  140  14:49  Marine  
  140  14:50  Marauder  
  143  15:00  Medivac  
  143  15:05  Widow Mine x2  
  149  15:07  Widow Mine  
  149  15:11  Marauder  
  109  15:30  Medivac  
  109  15:33  Marauder  
  70  15:51  Marine x3  
  70  15:52  Marine x7  
  70  15:54  Marauder  
  70  15:56  Widow Mine  
  77  16:09  Marine x10  
  82  16:15  Widow Mine  
  76  16:26  Widow Mine  
  76  16:27  Marine x7  
  76  16:28  Marine x3  
  76  16:30  Marine  
  88  16:36  Widow Mine  
Show
View Real Time Build Order
Export as new Build Order

Mana Zerg 

Build Orders: Hatch First, Muta Ling Bane 

Get SALT Encoding   

  12  0:03  Drone  
  13  0:11  Drone  
  14  0:19  Overlord  
  14  0:41  Hatchery  
  13  0:48  Drone  
  13  0:49  Drone  
  15  0:53  Drone  
  16  1:05  Drone  
  16  1:10  Drone  
  18  1:11  Extractor  
  17  1:21  Spawning Pool  
  17  1:23  Drone  
  17  1:31  Drone  
  18  1:42  Drone  
  19  1:52  Overlord  
  19  1:56  Drone  
  20  2:18  Zergling x4  
  20  2:19  Metabolic Boost  
  20  2:20  Queen  
  20  2:22  Queen  
  26  2:23  Drone  
  26  2:24  Drone  
  28  2:35  Spine Crawler  
  28  2:56  Drone  
  28  2:57  Drone  
  30  3:02  Zergling x6  
  33  3:07  Queen  
  33  3:08  Overlord  
  33  3:09  Overlord  
  35  3:23  Hatchery  
  35  3:26  Zergling x4  
  36  3:33  Baneling Nest  
  35  3:40  Drone x3  
  38  3:51  Zergling x6  
  41  3:57  Zergling x4  
  41  3:58  Overlord  
  43  4:17  Drone  
  43  4:18  Drone  
  43  4:20  Drone x4  
  49  4:25  Zergling x2  
  49  4:26  Zergling x8  
  49  4:31  Overlord  
  51  4:56  Zergling x12  
  51  4:57  Zergling x6  
  50  5:10  Zergling x14  
  56  5:20  Extractor  
  56  5:21  Drone x3  
  57  5:25  Lair  
  58  5:29  Drone  
  59  5:42  Queen  
  61  5:44  Drone x3  
  61  5:45  Drone  
  61  5:46  Drone x3  
  68  5:51  Extractor  
  68  5:52  Zergling x6  
  68  5:53  Zergling x2  
  68  5:54  Overlord x2  
  68  5:56  Baneling x4  
  68  5:57  Baneling x2  
  71  5:58  Baneling  
  71  6:01  Overlord  
  71  6:09  Drone  
  71  6:10  Drone x2  
  67  6:32  Zergling x2  
  58  6:33  Zergling x14  
  64  6:49  Spire  
  64  6:50  Centrifical Hooks  
  63  6:55  Drone x3  
  63  6:59  Extractor  
  63  7:01  Extractor, Zergling x10  
  66  7:33  Drone x3  
  66  7:34  Drone x3  
  72  7:47  Zergling x8  
  72  7:48  Zergling x2  
  77  7:59  Drone x3  
  77  8:01  Mutalisk x3, Zergling x4  
  77  8:02  Mutalisk x5  
  98  8:07  Overlord  
  98  8:08  Overlord  
  98  8:32  Hatchery  
  96  8:43  Mutalisk x2, Zergling x2  
  96  8:44  Mutalisk x2  
  96  8:45  Zergling x2  
  106  9:03  Baneling x5  
  106  9:04  Baneling x3  
  106  9:08  Baneling x3  
  106  9:09  Baneling x3  
  91  9:52  Zergling x2  
  81  9:53  Zergling x20  
  85  10:10  Mutalisk x2  
  85  10:11  Mutalisk x6  
  97  10:31  Mutalisk x2  
  97  10:32  Mutalisk, Zergling x2  
  97  10:33  Zergling x2  
  97  10:34  Mutalisk, Zergling x4  
  109  10:45  Mutalisk  
  109  10:47  Zergling x2  
  112  10:58  Zerg Flyer Weapons Level 1  
  112  11:08  Evolution Chamber  
  112  11:09  Overlord x5  
  112  11:10  Overlord x3  
  111  11:34  Mutalisk x6  
  111  11:36  Zergling x4  
  111  11:37  Zergling x18  
  134  11:42  Zerg Melee Weapons Level 1  
  122  12:13  Mutalisk x4  
  122  12:14  Zergling x4  
  122  12:15  Zergling x18  
  126  12:26  Zergling x10  
  126  12:27  Zergling x12  
  110  13:01  Mutalisk x6  
  110  13:02  Mutalisk  
  110  13:03  Zergling x2  
  110  13:04  Zergling x18  
  134  13:19  Mutalisk x2  
  132  13:21  Zergling x16  
  144  13:31  Zerg Flyer Weapons Level 2  
  144  13:48  Hatchery  
  143  13:58  Mutalisk x3  
  143  13:59  Mutalisk  
  143  14:00  Zergling x8  
  143  14:01  Zergling x20  
  165  14:05  Overlord  
  165  14:06  Overlord x2  
  165  14:26  Zergling x8  
  165  14:27  Zergling x10  
  165  14:28  Zergling x8  
  170  14:52  Baneling  
  170  14:53  Baneling x12  
  170  14:54  Baneling x12  
  170  14:55  Baneling x3, Zergling x2  
  170  14:56  Zergling x22  
  170  14:57  Zergling x6  
  82  15:57  Zergling x6  
  82  15:58  Zergling x46  
  82  15:59  Zergling x4  
  96  16:24  Mutalisk, Zergling x2  
  96  16:25  Mutalisk x10  
  103  16:26  Zergling x2  
  103  16:27  Zergling x6  
  104  16:45  Zergling x2  
  112  16:48  Baneling  
Tags
 
Composition
Muta Ling Bane
League
Gold
Matchup
TvZ
Replay Pack
Multiplayer
Spawn Locations
Close Positions
Add a new tag
Caveats
  • Supply blocks, unpowered buildings, or Contaminate may cause inaccurate times.
  • Supply counts are checked every 10 seconds.